 Dungeon Crawl Stone Soup version 0.28.0 (webtiles) character file.

Game seed: 10608465530246816050

327 BorgnjorsVileCrotch the Chopper (level 6, 47/55 HPs)
             Began as a Deep Dwarf Fighter on Feb 12, 2022.
             Quit the game on level 4 of the Dungeon.
             The game lasted 00:02:52 (595 turns).

BorgnjorsVileCrotch the Chopper (Deep Dwarf Fighter) Turns: 595, Time: 00:02:53

Health: 47/55      AC:  9    Str: 22    XL:     6   Next: 24%
Magic:  5/5        EV:  7    Int:  8    God:
Gold:   50         SH:  4    Dex: 12    Spells: 5/5 levels left

rFire   . . .      SeeInvis .   a - +0 war axe
rCold   . . .      Faith    .   c - +0 buckler
rNeg    . . .      Spirit   .   i - +0 chain mail
rPois   .          Reflect  .   (no helmet)
rElec   .          Harm     .   (no cloak)
rCorr   .          Rampage  .   (no gloves)
Will    .....                   (no boots)
Stlth   ..........              (no amulet)
HPRegen 0.00/turn               (no ring)
MPRegen 0.09/turn               (no ring)

@: no status effects
A: damage resistance, heal wounds, sense surroundings 1, no regeneration
a: Heal Wounds


You were on level 4 of the Dungeon.
You visited 1 branch of the dungeon, and saw 4 of its levels.

You collected 50 gold pieces.

Inventory:

Hand Weapons
 a - a +0 war axe (weapon)
Armour
 b - a +0 scale mail
 c - a +0 buckler (worn)
 i - a +0 chain mail (worn)
   (You found it on level 2 of the Dungeon)
Jewellery
 k - a ring of protection from fire
   (You found it on level 4 of the Dungeon)
 m - a ring of flight
   (You found it on level 4 of the Dungeon)
Scrolls
 g - a scroll of amnesia
Potions
 d - 3 potions of might {@q3 !q}
 f - a potion of heal wounds {@q2 !q}
 j - 2 potions of curing {@q1 !q}
 l - a potion of berserk rage {unknown}


   Skills:
 - Level 2.6 Fighting
 + Level 7.3 Axes
 - Level 3.2 Armour
 - Level 3.2 Shields


You had 5 spell levels left.
You didn't know any spells.
Your spell library was empty.

Dungeon Overview and Level Annotations

Branches:
Dungeon (4/15)
 Temple: D:4-7

Altars:
Fedhas
The Shining One

Shops:
D:1 ?   D:4 =[[(


Innate Abilities, Weirdness & Mutations

You are resistant to damage.
You can heal yourself by infusing magical energy.
You passively map a small area around you.
You do not regenerate.


Message History

Eustachio is severely wounded.
You barely miss the shadow imp. You barely miss the crimson imp.
You barely miss the quokka. The quokka bites you. You block Eustachio's attack.
The quokka closely misses you. The crimson imp closely misses you.
Eustachio casts a spell.
You hit Eustachio but do no damage.
Eustachio is severely wounded.
You slash the quokka!
You kill the quokka!
The quokka's corpse disappears in a puff of smoke!
You barely miss the crimson imp. You miss the crimson imp.
The bat hits you but does no damage.
The crimson imp blinks!
Eustachio hits you with a +0 falchion.
You slash Eustachio!
You kill Eustachio!
The shadow imp disappears in a puff of smoke!
The crimson imp disappears in a puff of smoke! x2
The bat disappears in a puff of smoke!
Your Axes skill increases to level 6!
You have reached level 5!
Things that are here:
a +0 falchion; a +0 leather armour; the human corpse of Eustachio
l - a viscous grey potion
Things that are here:
a +0 falchion; a +0 leather armour; the human corpse of Eustachio
There is an entrance to Hemav's Armour Emporium here.
Your magical essence is drained by the effort!
You feel much better.
Found a glowing golden altar of the Shining One.
There is a glowing golden altar of the Shining One here.
There is a fountain of clear blue water here.
There is a fountain of clear blue water here.
Found Segyjypu's Weapon Boutique.
There is an entrance to Segyjypu's Weapon Boutique here.
A goblin comes into view.
It is wielding a +0 whip of electrocution.
The goblin shouts!
Unknown command.
Found a dagger.
The goblin hits you but does no damage. The goblin hits you but does no damage.
The goblin hits you but does no damage.
You slash the goblin!
You kill the goblin!
Found a tubular wooden ring.
Found Hiynas's Armour Shop.
Found a stone staircase leading down.
m - a ring of flight A water moccasin skeleton comes into view.
The water moccasin skeleton bites you but does no damage.
You hit the water moccasin skeleton but do no damage.
The water moccasin skeleton completely misses you.
You slash the water moccasin skeleton!
The water moccasin skeleton is heavily damaged.
The water moccasin skeleton bites you but does no damage.
You barely miss the water moccasin skeleton.
The water moccasin skeleton is heavily damaged.
The water moccasin skeleton bites you.
The water moccasin skeleton closely misses you.
You slash the water moccasin skeleton!
The water moccasin skeleton is almost destroyed.
The water moccasin skeleton closely misses you.
You hit the water moccasin skeleton.
You destroy the water moccasin skeleton!
Your Axes skill increases to level 7!
You have reached level 6!
Found Halie's Jewellery Shop.
Found 22 gold pieces.
Found a short sword.
You now have 50 gold pieces (gained 9).
An iguana comes into view.
Found a scroll labelled ULI VUOSHAMP.
The iguana hisses angrily.
You completely miss the iguana. The iguana barely misses you.
You hit the iguana.
The iguana is moderately wounded.
The iguana bites you but does no damage.
You hit the iguana but do no damage.
The iguana is moderately wounded.
The iguana bites you but does no damage.
The iguana bites you.
You barely miss the iguana.
The iguana is moderately wounded.
The iguana barely misses you.
You slash the iguana!
The iguana is almost dead.
The iguana bites you but does no damage.
You hit the iguana.
You kill the iguana!
You see here an iguana corpse.
e - 2 scrolls labelled ULI VUOSHAMP (gained 1)
As you read the scroll labelled ULI VUOSHAMP, it crumbles to dust.
It is a scroll of identify.
j - 2 potions of curing
As you read the scroll of identify {@r1}, it crumbles to dust.
f - a potion of heal wounds
As you read the scroll labelled YREEGR ZAMNA, it crumbles to dust.
You assume a fearsome visage.
Nothing appears to happen.
It was a scroll of fear.
As you read the scroll labelled QUXYIFIAMM, it crumbles to dust.
It is a scroll of amnesia.
You feel forgetful for a moment.
Are you sure you want to abandon this character and quit the game? (Confirm with "yes".)

#. ##.≈.$
#.##..≈≈≈
#........
###########......
#................
#.#########.....)
##†## ###....
##...## #....
#.@...# ####.
#.......# #.
#.....#.#
##...##.# #####*
# *, *


There were no monsters in sight!

Vanquished Creatures
  Eustachio (D:4)
  A water moccasin skeleton (D:4)
  2 iguanas (D:4)
  3 gnolls (D:4)
  A howler monkey skeleton (D:4)
  An ufetubus (D:4)
  An adder skeleton (D:4)
  A dart slug (D:4)
  6 orcs (D:4)
  4 ball pythons
  5 goblins
  2 hobgoblins
  2 jackals (D:1)
  A ball python zombie (D:2)
  3 bats (D:1)
  A frilled lizard (D:1)
  A kobold (D:1)
  4 rats
40 creatures vanquished.

Vanquished Creatures (others)
  3 withered plants (D:2)
3 creatures vanquished.

Grand Total: 43 creatures vanquished

Notes
Turn   | Place    | Note
-------+----------+-------------------------------------------
     0 | D:1      | BorgnjorsVileCrotch the Deep Dwarf Fighter began the quest
                  | for the Orb.
     0 | D:1      | Reached XP level 1. HP: 20/20 MP: 1/1
    96 | D:1      | Found Buamuo's Magic Scroll Emporium.
   155 | D:1      | Reached skill level 3 in Axes
   155 | D:1      | Reached XP level 2. HP: 22/27 MP: 2/2
   249 | D:2      | Found a blossoming altar of Fedhas.
   345 | D:4      | Reached XP level 3. HP: 23/33 MP: 3/3
   346 | D:4      | Reached skill level 4 in Axes
   364 | D:4      | Reached XP level 4. HP: 13/40 MP: 4/4
   368 | D:4      | Reached skill level 5 in Axes
   428 | D:4      | Found Hemav's Armour Emporium.
   438 | D:4      | Noticed Eustachio
   469 | D:4      | Killed Eustachio
   470 | D:4      | Reached skill level 6 in Axes
   470 | D:4      | Reached XP level 5. HP: 17/46 MP: 5/5
   476 | D:4      | Your magical essence is drained by the effort!
   483 | D:4      | Found a glowing golden altar of the Shining One.
   512 | D:4      | Found Segyjypu's Weapon Boutique.
   534 | D:4      | Found Hiynas's Armour Shop.
   547 | D:4      | Reached skill level 7 in Axes
   547 | D:4      | Reached XP level 6. HP: 47/55 MP: 5/5
   556 | D:4      | Found Halie's Jewellery Shop.
   595 | D:4      | Quit the game

Illustrated notes

Levels and vault maps discovered:
D:1:      erik_arrival_cave_to_civilisation [erik_arrival_cave_to_hall],
          layout_basic, serial_shops, shop,
          hellmonk_ecumenical_altar_leap_of_faith, grunt_decor_one_mirror,
          hangedman_abyss_or_decor_lesser_grid, serial_bayou_lagoon_a
D:2:      layout_loops_ring, basic_altar, serial_undead, serial_undead_c,
          serial_undead_a, serial_undead_d, serial_undead_a, serial_undead_b,
          serial_undead_a, serial_undead_e, serial_undead_b, serial_undead_f,
          serial_undead_b, uniq_robin
D:3:      layout_loops_ring, gammafunk_temple_overflow_wave, uniq_sigmund,
          uniq_ijyb, uniq_natasha
D:4:      layout_loops_ring, nicolae_overflow_crystal_walls, slow_altar_1,
          serial_shops, nicolae_take_the_stairs, nicolae_inconvenience_store,
          kennysheep_mini, nicolae_square_shop, shop_fountains, corexii_shack,
          kennysheep_nub, minmay_starry_boxes, uniq_eustachio

Skill      XL: |  1  2  3  4  5 |
---------------+----------------+-----
Axes           | 3 4 6 7 |  7.3
Fighting       | |  2.6
Armour         | |  3.2
Shields        | |  3.2

Action                   |  1- 3 |  4- 6 || total
-------------------------+-------+-------++-------
Melee: War axe           |    64 |    44 ||   108
 Abil: Heal Wounds       |     1 |     3 ||     4
  Use: Scroll            |       |     4 ||     4
Armor: Scale mail        |    23 |       ||    23
       Chain mail        |    29 |    33 ||    62
Dodge: Dodged            |    27 |    19 ||    46
Block: Buckler           |    19 |    11 ||    30
